 Dungeon Crawl Stone Soup version 0.30.0-18-gc0e69614cb (webtiles) character file.

Game seed: 9987513993499976868

49 olmar the Shield-Bearer (level 3, -1/33 HPs)
             Began as an Armataur Fighter on May 24, 2023.
             Slain by a goblin
             ... wielding a +0 club
              (3 damage)
             ... on level 2 of the Dungeon.
             The game lasted 00:00:33 (1007 turns).

olmar the Shield-Bearer (Armataur Fighter)          Turns: 1007, Time: 00:00:34

Health: -1/33      AC:  8    Str: 23    XL:     3   Next: 51%
Magic:  3/3        EV:  7    Int:  8    God:
Gold:   93         SH:  4    Dex:  9    Spells: 2/2 levels left

rFire   . . .        a - +0 flail
rCold   . . .        c - +0 buckler
rNeg    . . .        b - +0 scale mail
rPois   .            (no helmet)
rElec   .            (no cloak)
rCorr   .            k - +0 pair of gloves
SInv    .            (no barding)
Will    .....        (no amulet) Stlth
                     (no ring)
HPRegen 0.25/turn    (no ring)
MPRegen 0.08/turn

%: roll
@: slowed, very slow
A: large, rugged brown scales 3, deformed body, armoured tail, roll, long
tongue, awkward tongue
a: no special abilities


You were on level 2 of the Dungeon.
You visited 1 branch of the dungeon, and saw 2 of its levels.

You collected 93 gold pieces.

Inventory:

Hand Weapons
 a - a +0 flail (weapon)
Missiles
 e - a throwing net (quivered)
 g - 5 curare-tipped darts
Armour
 b - a +0 scale mail (worn)
 c - a +0 buckler (worn)
 k - a +0 pair of gloves (worn)
Scrolls
 f - 2 scrolls of identify {unknown}
 i - a scroll of fear {unknown}
Potions
 d - a potion of might
 h - a potion of lignification {unknown}
 j - a potion of brilliance {unknown}


   Skills:
 + Level 3.0 Fighting
 + Level 2.2 Maces & Flails
 + Level 4.0 Armour
 + Level 4.1 Shields


You had 2 spell levels left.
You didn't know any spells.
Your spell library was empty.

Dungeon Overview and Level Annotations

Branches:
Dungeon (2/15)

Altars:

Annotations:
D:2 Natasha


Innate Abilities, Weirdness & Mutations

You are completely covered in rugged brown scales. (AC +3, +7% HP)
Armour fits poorly on your strangely shaped body.
You have a long armoured tail.
You roll when moving toward enemies. (Rampage)
Your long tongue fully drains potion bottles. (2x potion effects)
Your tongue gives you trouble enunciating. (1.5x scroll delay)


Message History

Natasha claws you but does no damage.
The cerulean imp hits you but does no damage.
You hit Natasha.
Natasha is heavily wounded.
The goblin hits you but does no damage. Natasha barely misses you.
The cerulean imp closely misses you. The goblin closely misses you.
You block the cerulean imp's attack.
Natasha mumbles some strange words.
Unknown command.
You barely miss Natasha.
Natasha is heavily wounded.
The cerulean imp hits you from afar with a +1 spear. x2
The goblin barely misses you. Natasha casts a spell at you.
The magic dart hits you.
The cerulean imp hits you from afar with a +1 spear.
The cerulean imp hits you but does no damage. x2
The goblin hits you but does no damage.
You closely miss Natasha.
Natasha is heavily wounded.
You block Natasha's attack. The cerulean imp barely misses you.
The cerulean imp hits you but does no damage.
The cerulean imp hits you from afar with a +1 spear.
The goblin hits you but does no damage. Natasha closely misses you.
The cerulean imp hits you but does no damage.
The cerulean imp completely misses you. The goblin hits you but does no damage.
The cerulean imp hits you but does no damage.
Unknown command.
You closely miss Natasha.
Natasha is moderately wounded.
Natasha claws you but does no damage. You block the cerulean imp's attack. x2
The cerulean imp hits you but does no damage.
The goblin closely misses you. Natasha claws you.
* * * LOW HITPOINT WARNING * * *
The cerulean imp hits you but does no damage.
The cerulean imp hits you from afar with a +2 spear.
* * * LOW HITPOINT WARNING * * *
The cerulean imp hits you but does no damage.
The goblin hits you with a +0 club.
You die...

#†#.#
#.......†#.#
#.#.#
#........#'##
#.#.#
#.......†...#
#.#.#
#......)....#
...
####........#
### #
#........# ...
#........#
#...#........#
#.5.@g.....#
......h.......#
......55......#
##.####.......#
#. #.......# #
#.......#
..####### .##


You could see Natasha, 3 cerulean imps and a goblin.

Vanquished Creatures
  Natasha (D:2)
  2 dart slugs (D:1)
  2 endoplasms (D:1)
  2 goblins
  2 hobgoblins (D:1)
  A kobold (D:1)
  7 ball pythons
  2 bats (D:1)
  A frilled lizard (D:1)
  2 rats (D:1)
22 creatures vanquished.

Notes
Turn   | Place    | Note
-------+----------+-------------------------------------------
     0 | D:1      | olmar the Armataur Fighter began the quest for the Orb.
     0 | D:1      | Reached XP level 1. HP: 19/19 MP: 1/1
   168 | D:1      | Reached XP level 2. HP: 26/26 MP: 2/2
   914 | D:2      | Noticed Natasha
   923 | D:2      | Killed Natasha
   924 | D:2      | Reached XP level 3. HP: 26/33 MP: 3/3
   992 | D:2      | Noticed Natasha
  1007 | D:2      | Slain by a goblin

Illustrated notes

Levels and vault maps discovered:
D:1:      dpeg_arrival_boxes_within_box, layout_basic
D:2:      layout_basic, uniq_natasha

Skill      XL: |  1  2 |
---------------+-------+-----
Shields        | 4 |  4.1
Fighting       | 3 |  3.0
Maces & Flails | 2 |  2.2
Armour         | 4 |  4.0

Action                     || total
---------------------------++-------
  Melee: Flail             ||    59
         Tailslap          ||     2
 Armour: Scale mail        ||    51
  Dodge: Dodged            ||    27
  Block: Buckler           ||    18
